AoeStats
← Gumar

Oasis

509429298Analyzed
2v2 RM · 5d ago on Sep 26, 2026· 57m 54s· 4 players
Game mode
Random Map
Map size
Medium (4 player)
Population
200
Speed
Normal
Resources
Standard
Victory
Conquest
Starting age
Dark Age
Ending age
Imperial Age
RankedLock teamsTeams togetherTeam positionsShared explorationLock speedFull tech treeHidden civsTurbo modeCheats
Victory
Defeat
🇮🇩 Magyars · Indonesia
673
+18
🇵🇱 Poles · Poland
647
+19
🇱🇧 Chinese · Lebanon
763
-37
🇱🇧 Sicilians · Lebanon
664
-16
GibranRakatiwing
0:55 Loom
11:58 Feudal Age
12:24 Double-Bit Axe
13:12 Gold Mining
14:35 Wheelbarrow
14:26 Stone Mining
15:31 Bloodlines
16:33 Horse Collar
20:39 Scale Barding Armor
24:27 Castle Age
24:34 Light Cavalry
25:15 Husbandry
25:38 Chain Barding Armor
27:52 Hand Cart
30:56 Imperial Age
31:13 Hussar
32:31 Plate Barding Armor
33:15 Gold Shaft Mining
33:05 Bow Saw
33:21 Heavy Plow
33:26 Caravan
38:43 Cavalier
41:37 Paladin
52:46 Treadmill Crane
52:59 Guard Tower
Gumar
15:50 Feudal Age
16:26 Double-Bit Axe
16:25 Horse Collar
28:27 Castle Age
30:01 Bow Saw
30:02 Heavy Plow
29:47 Light Cavalry
31:03 Fletching
32:37 Padded Archer Armor
36:53 Caravan
37:41 Bloodlines
37:31 Husbandry
39:10 Gold Mining
39:12 Stone Mining
41:30 Crossbowman
42:15 Thumb Ring
41:31 Elite Skirmisher
41:35 Pikeman
42:16 Squires
44:09 Stone Shaft Mining
47:06 Imperial Age
46:03 Szlachta Privileges
46:41 Wheelbarrow
45:51 Loom
45:52 Town Watch
46:30 Bodkin Arrow
46:51 Leather Archer Armor
47:02 Ballistics
47:45 Arbalester
49:19 Coinage
49:56 Chemistry
48:41 Arrowslits
50:41 Conscription
50:57 Hoardings
52:24 Elite Obuch
52:32 Cavalier
54:37 Hand Cart
54:22 Town Patrol
55:37 Bracer
55:47 Forging
55:38 Scale Mail Armor
55:47 Scale Barding Armor
57:48 Murder Holes
57:58 Siege Engineers
58:04 Fortified Wall
Saint Pedros
10:04 Feudal Age
10:35 Horse Collar
20:51 Castle Age
19:43 Gold Mining
19:46 Stone Mining
22:09 Wheelbarrow
23:54 Double-Bit Axe
26:01 Heavy Plow
28:17 Scale Mail Armor
29:35 Husbandry
31:21 Scale Barding Armor
34:40 Gold Shaft Mining
35:38 Stone Shaft Mining
35:25 Bow Saw
36:02 Chain Mail Armor
37:31 Chain Barding Armor
38:25 Forging
39:58 Iron Casting
41:20 Masonry
42:17 Caravan
44:07 Hand Cart
46:52 Imperial Age
48:14 Cavalier
49:38 Arrowslits
49:32 Elite Serjeant
58:11 Coinage
EMR
10:32 Feudal Age
9:59 Loom
11:22 Double-Bit Axe
11:21 Horse Collar
13:53 Wheelbarrow
15:31 Fletching
15:37 Gold Mining
19:03 Padded Archer Armor
21:04 Castle Age
22:22 Hand Cart
21:31 Crossbowman
25:26 Bow Saw
27:06 Heavy Plow
28:08 Stone Mining
28:36 Pikeman
29:18 Squires
30:51 Bodkin Arrow
31:12 Leather Archer Armor
36:02 Imperial Age
36:59 Thumb Ring
36:15 Arbalester
38:06 Chemistry
37:27 Ballistics
37:10 Bracer
37:41 Ring Archer Armor
36:34 Elite Skirmisher
44:23 Elite Chu Ko Nu
44:41 Heavy Rocket Cart
44:46 Elite Fire Lancer
45:40 Forging
45:35 Scale Barding Armor
45:52 Bombard Tower
47:05 Rocketry
53:26 Stone Shaft Mining
53:18 Caravan
54:39 Two-Man Saw
53:12 Halberdier
Connection lost

Rejoining the realm…

Still unreachable

The connection could not be restored.

Session expired

The server has moved on; the page needs a fresh start.